 Dungeon Crawl Stone Soup version 0.17-a0-1591-g7a45446 (webtiles) character file.

130 kroki the Magician (level 5, 0/25 HPs)
             Began as a Vine Stalker Transmuter on July 29, 2015.
             Slain by Sigmund
             ... wielding a +0 scythe
              (7 damage)
             ... on level 3 of the Dungeon.
             The game lasted 00:05:06 (2811 turns).

kroki the Magician (Vine Stalker Transmuter)        Turns: 2811, Time: 00:05:07

Health: 0/25       AC:  8    Str: 18    XL:     5   Next: 13%
Magic:  0/13       EV: 11    Int: 13    God:
Gold:   225        SH:  0    Dex: 15    Spells: 2 memorised, 10 levels left

rFire  + . .     SeeInvis .       - Unarmed
rCold  . . .     Clarity  .     m - +3 leather armour
rNeg   . . .     SustAt   .     (no shield)
rPois  .         Gourm    .     (no helmet)
rElec  .         Spirit   +     f - +1 cloak
rCorr  .         Warding  .     (no gloves)
rMut   .         Stasis   .     (boots currently unavailable)
MR     .....                    (no amulet)
Stlth  +.........               (no ring)
                                i - ring of protection from fire

@: mighty, appendage, drained, not resistant to hostile enchantments, very
unstealthy
A: fangs 2, talons 3, regeneration 1, magic shield, antimagic bite, no device
heal 3, rot immunity
a: End Transformation


You were on level 3 of the Dungeon.
You were not hungry.
You had grown temporary talons.
You visited 1 branch of the dungeon, and saw 3 of its levels.

You collected 225 gold pieces.

Inventory:

Missiles
 a - 36 arrows
Armour
 b - a +0 robe
 f - a +1 cloak (worn)
   (You found it on level 1 of the Dungeon)
 m - a +3 leather armour (worn)
   (You took it off an orc on level 3 of the Dungeon)
Jewellery
 i - a ring of protection from fire (left hand)
   (You found it on level 1 of the Dungeon)
 l - an uncursed ring of teleportation
   (You found it on level 3 of the Dungeon)
Scrolls
 e - 4 scrolls of remove curse
 h - a scroll of identify
 r - a scroll of amnesia
 s - a scroll of fog {unknown}
Potions
 g - 2 potions of heal wounds
 k - a potion of curing
Books
 c - a book of Changes

   Spells                             Type                      Level
   a - Beastly Appendage              Transmutation                1
   b - Sticks to Snakes               Transmutation                2
   c - Spider Form                    Transmutation/Poison         3
   d - Ice Form                       Ice/Transmutation            4
   e - Blade Hands                    Transmutation                5
Comestibles
 d - 2 bread rations
 o - 3 fruits
 p - 2 meat rations


   Skills:
 - Level 0.8(0.3) Fighting
 - Level 1.5(1.0) Dodging
 - Level 3.7(3.1) Unarmed Combat
 + Level 4.7(4.2) Spellcasting
 - Level 2.0(1.5) Transmutations


You had 10 spell levels left.
You knew the following spells:

 Your Spells              Type           Power        Failure   Level  Hunger
a - Beastly Appendage     Trmt           #.....       14%         1    None
b - Sticks to Snakes      Trmt           #.........   21%         2    ##.....


Dungeon Overview and Level Annotations

Branches:
Dungeon (3/15)

Altars:
Ru

Annotations:
D:3 Sigmund


Innate Abilities, Weirdness & Mutations

You have extremely sharp teeth.
Your natural rate of healing is unusually fast.
When hurt, damage is shared between your health and your magic reserves.
Your bite disrupts and absorbs the magic of your enemies.
Potions and wands cannot restore your health.
You are immune to rotting.
You have claws for feet.


Message History

You start resting.
Something barely misses your adder.
You start resting.
Something misses your adder. What do you say? t - Shout!
Orders for allies: a - Attack new target. r - Retreat! s - Stop attacking. w - Wait here. f - Follow me.
Anything else - Stay silent.
Gang up on whom?
Press: ? - help, Dir - move target cursor There's nothing there!
You start resting.
Something misses your adder.
Unknown command.
Something completely misses your adder.
Sigmund appears from thin air!
Reactivating autopickup.
Your adder barely misses Sigmund.
Your adder barely misses Sigmund.
Sigmund closely misses your adder.
Your adder barely misses Sigmund.
Unknown command.
Your adder bites Sigmund.
Sigmund misses your adder.
Sigmund is nearby!
Sigmund is nearby!
Your adder closely misses Sigmund.
Your adder bites Sigmund but does no damage.
Sigmund misses your adder.
Your adder barely misses Sigmund.
Sigmund closely misses your adder.
Your adder bites Sigmund but does no damage.
Your adder withers and dies!
Casting: Sticks to Snakes
Confirm with . or Enter, or press ? or * to list all spells.
You create a snake!
Unknown command.
Sigmund hits you but does no damage.
Sigmund points at you and mumbles some strange words.
The magic dart hits you!
Casting: Sticks to Snakes
Confirm with . or Enter, or press ? or * to list all spells.
Your feet morph into talons.
Sigmund gestures at you while chanting.
You are confused.
Unknown command.
Are you sure you want to stumble around while confused and next to your adder? [Y]es or [N]o only, please.
Are you sure you want to stumble around while confused and next to your adder?
Okay, then.
Are you sure you want to stumble around while confused and next to your adder?
Okay, then.
Unknown command.
Unknown command.
Drink which item? (? for menu, Esc to quit)
It was a potion of heal wounds.
That seemed strangely inert.
Sigmund hits you with a scythe.
* * * LOW HITPOINT WARNING * * *
Unknown command.
Drink which item? (? for menu, Esc to quit)
It was a potion of curing.
You feel better.
Unknown command.
Drink which item? (? for menu, Esc to quit)
It was a potion of might.
You feel very mighty all of a sudden. Sigmund hits you with a scythe!
You die...

.######.#.###.# #..# #...# .#
#.......###..###...#######
.######.......##...)...<.......#
...........##.###..###...#####.#
.######....##.###..# #...# #.#
...................# #...# #.#
#######..#.##.##..## #...# #.#
.................S# ##### #.#
#######..#.#####@#############.#
.................@...........(.#
###.####.#.#####.###############
#.# #.#.# #.# #.# #.#.#####.#
#.# #.........# #.# #.#.#######
#.# #.#....# #.# #.#.####


You could see Sigmund and a friendly adder.

Vanquished Creatures
  3 adders
  An ooze (D:1)
  3 worms
  3 giant geckos
  11 orcs (D:3)
  A ball python (D:3)
  2 giant cockroaches (D:1)
  10 goblins
  11 hobgoblins
  A quokka (D:3)
  7 bats
  4 giant newts
  4 jackals
  6 kobolds
  13 rats
80 creatures vanquished.

Notes
Turn   | Place    | Note
--------------------------------------------------------------
     0 | D:1      | kroki the Vine Stalker Transmuter began the quest for the Orb.
     0 | D:1      | Reached XP level 1. HP: 9/9 MP: 4/4
   226 | D:1      | Reached XP level 2. HP: 12/14 MP: 4/6
   678 | D:1      | Reached XP level 3. HP: 17/17 MP: 8/8
  1039 | D:2      | Reached skill level 3 in Spellcasting
  1140 | D:2      | Learned a level 2 spell: Sticks to Snakes
  1381 | D:2      | Reached XP level 4. HP: 17/21 MP: 6/10
  1713 | D:3      | Reached skill level 4 in Spellcasting
  1791 | D:3      | Noticed Sigmund
  2112 | D:3      | Found a sacrificial altar of Ru.
  2184 | D:3      | Reached XP level 5. HP: 21/25 MP: 12/12
  2811 | D:3      | Slain by Sigmund

Vault maps used:
D:1:      dpeg_arrival_tiny_c
D:3:      corexii_shack_village, lemuel_doored_altar, uniq_sigmund

Action                   |  1- 3 |  4- 6 || total
-------------------------+-------+-------++-------
Melee: Unarmed           |   105 |   154 ||   259
 Cast: Beastly Appendage |    10 |    38 ||    48
       Sticks to Snakes  |       |     5 ||     5
  Use: Scroll            |     6 |     1 ||     7
       Potion            |       |     3 ||     3
  Eat: Chunk             |     2 |     3 ||     5
       Beef jerky        |       |     1 ||     1
